[Event "FIDE Womens Candidates 2024"]
[Site "Toronto"]
[Date "2024.04.04"]
[Round "1.2"]
[White "Muzychuk, Anna"]
[Black "Salimova, Nurgyul"]
[Result "1/2-1/2"]
[ECO "C43"]
[WhiteElo "2520"]
[BlackElo "2432"]
[Annotator "TA"]
[PlyCount "80"]
[EventDate "2024.04.02"]
[EventType "tourn"]
[EventCountry "CAN"]
[SourceTitle "playchess.com"]
[Source "ChessBase"]
[SourceQuality "1"]
[TimeControl "40/5400+30:1800+30"]

1. e4 e5 2. Nf3 Nf6 3. d4 Nxe4 4. Bd3 d5 5. Nxe5 Nd7 6. Nxd7 Bxd7 7. O-O Bd6 8. Nc3 Nxc3 9. bxc3 O-O {[%emt 0:00:21] The position is equal.} 10. Qh5 {[%emt 0:00:39][%csl Gd3,LRd5,LRh7][%cal Rh5h7] [#] Dodges Qh4} f5 11. Rb1 b6 12. Re1 c6 13. Bg5 Qc7 14. c4 Be8 15. Qf3 dxc4 16. Bxc4+ (16. Bxf5 $2 {perishes.} Bd7 17. Re6 (17. g4 $2 g6 $19) 17... Bxh2+ (17... Bxe6 $2 18. Bxe6+ Kh8 19. Qh5 $19) 18. Kh1 Bxe6 19. Bxe6+ Kh8 $19) 16... Bf7 17. Bxf7+ Rxf7 18. h3 f4 19. Bh4 Bf8 20. Re6 Rc8 21. c4 Qd7 22. Qe4 f3 $1 23. Re1 fxg2 24. Bg3 Rd8 25. Rd1 Re7 26. Rxe7 Qxe7 27. Qxe7 ({Much weaker is} 27. Qxg2 Qe2 28. Qf1 Qxa2 $17) 27... Bxe7 28. Kxg2 $11 {[%emt 0:00:12][%mdl 4096] Endgame. KRB-KRB} Kf7 (28... Bf6 $5) 29. Kf3 Bd6 30. Ke4 Bxg3 31. fxg3 {[%emt 0:00:04] KR-KR} Re8+ 32. Kd3 Re6 33. d5 Rg6 34. dxc6 Rxc6 35. Kc3 Ke7 36. Kb4 Rc5 37. Re1+ Kd7 38. Rd1+ Ke7 39. Re1+ Kd7 40. Rd1+ Ke7 {[%emt 0:00:00] An interesting draw.   Weighted Error Value: White=0.01 (flawless) /Black=0.02 (flawless) .  OK:         	White=22    	Black=11     Strong:       	---       	Black=1} 1/2-1/2

[Event "FIDE Womens Candidates 2024"]
[Site "Toronto"]
[Date "2024.04.06"]
[Round "3.2"]
[White "Muzychuk, Anna"]
[Black "Lagno, Kateryna"]
[Result "1/2-1/2"]
[ECO "C88"]
[WhiteElo "2520"]
[BlackElo "2542"]
[Annotator "TA"]
[PlyCount "87"]
[EventDate "2024.04.02"]
[EventType "tourn"]
[EventCountry "CAN"]
[SourceTitle "playchess.com"]
[Source "ChessBase"]
[SourceQuality "1"]
[TimeControl "40/5400+30:1800+30"]

1. e4 e5 2. Nf3 Nc6 3. Bb5 a6 4. Ba4 Nf6 5. O-O Be7 6. Re1 b5 7. Bb3 O-O 8. h3 {[%emt 0:05:22] 8.a4 is setting a new trend.} Bb7 9. d3 d5 {[%emt 0:01:12] C88: Closed Ruy Lopez: Anti-Marshall Systems.} 10. exd5 Nxd5 11. Nc3 Nxc3 12. bxc3 Bf6 13. Nd2 Na5 14. Ne4 Be7 15. Qh5 Nxb3 16. axb3 f6 17. Ba3 Bxa3 18. Rxa3 a5 $146 ({Predecessor:} 18... Qd5 19. Qf5 a5 20. c4 bxc4 21. bxc4 Qc6 22. h4 a4 23. h5 h6 24. Qh3 Bc8 {0-1 Feldis,Y (2037)-Guidoni,M (2284) FRA Cup/15/D/01 email 2015}) 19. Nc5 Qd5 20. Nxb7 Qxb7 21. c4 bxc4 22. dxc4 a4 23. bxa4 Qb4 24. Rea1 Qxc4 25. a5 Ra6 26. Qf3 c6 27. Qd1 Rfa8 28. Rd3 h6 $1 29. Rd8+ Rxd8 30. Qxd8+ Kh7 31. Qc8 Qb5 $2 (31... Qd4 $14 32. Ra3 Ra7 33. Qf5+ (33. Qxc6 Qb4 $14) 33... Kh8) 32. Qf5+ $2 (32. Rd1 $1 $18 e4 33. Rd8 Qxa5 34. g3 (34. Rh8+ Kg6 $18)) 32... Kh8 $1 $14 33. Qc8+ $2 (33. Qd7 $16) 33... Kh7 $18 34. Rd1 $1 e4 {[%emt 0:00:29] [#]} 35. Rd8 $1 Rxa5 $2 (35... Qxa5 36. c3 (36. Rh8+ Kg6 $16) 36... Ra7) 36. Rh8+ $18 Kg6 {[%emt 0:00:03] [#]} 37. Qg4+ $2 (37. Qe8+ $1 $18 Kf5 38. Qh5+ Ke6 39. Re8+ Kd6 40. Qd1+ Kc5 41. Rd8 (41. Rxe4 Ra4 $18)) 37... Kf7 $2 (37... Qg5 $11 38. Qxe4+ Qf5 39. Qe8+ (39. Qxc6 Ra1+ 40. Kh2 Qf4+ 41. g3 Qxf2+ 42. Qg2 Rf1 $14) 39... Kg5 40. Qe3+ (40. Qxc6 Ra1+ 41. Kh2 Qf4+ 42. g3 Qxf2+ 43. Qg2 Qxg2+ 44. Kxg2 Rd1 $11) 40... Kg6) 38. Qd7+ $18 (38. Qxe4 Qe5 (38... Ra1+ 39. Kh2 $14) 39. Qc4+ Kg6 40. Qg4+ (40. Qxc6 $2 Ra1#) 40... Kf7 41. Qd7+ Kg6 42. Qg4+ (42. Qxc6 $2 Ra1#) 42... Kf7 43. Qd7+ Kg6 44. Qg4+ $11 (44. Qxc6 $2 Ra1#)) 38... Kg6 39. Qg4+ $2 (39. Qe8+ $18 Kf5 40. Qh5+ Ke6 41. Re8+ Kd6 42. Qd1+ Kc5 43. Qd7 (43. Rxe4 Ra4 $18)) 39... Kf7 $11 40. Qd7+ $2 (40. Qxe4 $11 Qe5 (40... Ra1+ 41. Kh2 $14) 41. Qc4+ Kg6 42. Qg4+ (42. Qxc6 $2 Ra1#) 42... Kf7 43. Rd8) 40... Kg6 $18 41. Rg8 $2 (41. Qe8+ $18 Kf5 42. Qh5+ Ke6 43. Re8+ Kd6 44. Qd1+ Kc5 45. Qd7 (45. Rxe4 Ra4 $18)) 41... Ra1+ $11 42. Kh2 Qe5+ 43. g3 f5 44. Qxc6+ 1/2-1/2

[Event "FIDE Womens Candidates 2024"]
[Site "Toronto"]
[Date "2024.04.07"]
[Round "4.4"]
[White "Muzychuk, Anna"]
[Black "Lei, Tingjie"]
[Result "1/2-1/2"]
[ECO "C01"]
[WhiteElo "2520"]
[BlackElo "2550"]
[Annotator "RC"]
[PlyCount "150"]
[EventDate "2024.04.02"]
[EventType "tourn"]
[EventCountry "CAN"]
[SourceTitle "playchess.com"]
[Source "ChessBase"]
[SourceQuality "1"]
[TimeControl "40/5400+30:1800+30"]

1. e4 e6 2. d4 d5 3. exd5 exd5 4. Nf3 Nf6 5. Bd3 Bd6 6. O-O O-O 7. Bg5 Re8 8. Nbd2 Bg4 9. h3 Bh5 10. c4 dxc4 11. Nxc4 Nc6 12. g4 Bg6 13. Bxg6 hxg6 14. Qb3 Qd7 15. Bxf6 gxf6 16. d5 Ne5 17. Nfxe5 Bxe5 18. Qxb7 Rab8 19. Nxe5 fxe5 20. Qxa7 Qxd5 21. b3 c5 22. Rfe1 Ra8 23. Qc7 Qd3 24. Qxc5 Qxh3 25. Qc4 Kg7 26. Qe4 Ra3 27. Re3 Qh4 28. Kg2 Qg5 29. Rh3 Qd2 30. Qe3 Qxe3 31. Rxe3 f6 32. b4 Ra4 33. a3 Rb8 34. Rc1 Kh6 35. Kg3 Rba8 36. Rcc3 Kg5 37. f3 Rd8 38. Red3 Rda8 39. Re3 Rd8 40. Rc5 Rda8 41. f4+ Kh6 42. fxe5 Rxa3 43. Rxa3 Rxa3+ 44. Kf4 g5+ 45. Ke4 Rg3 46. e6 Rxg4+ 47. Kd5 Rxb4 48. e7 Rb8 49. Ke6 Kg6 50. Rd5 Re8 51. Rd8 Rxe7+ 52. Kxe7 Kf5 53. Rd5+ Kf4 54. Kxf6 g4 55. Rd4+ Kf3 56. Kf5 g3 57. Rd3+ Kf2 58. Kg4 g2 59. Rd2+ Kf1 60. Kf3 g1=N+ 61. Ke3 Nh3 62. Rh2 Ng1 63. Rf2+ Ke1 64. Rf6 Nh3 65. Rf3 Ng1 66. Rg3 Kf1 67. Rg6 Nh3 68. Rg7 Ng1 69. Rg3 Ne2 70. Rf3+ Ke1 71. Rf7 Ng1 72. Kd3 Nh3 73. Rh7 Nf2+ 74. Ke3 Nd1+ 75. Kd3 Nf2+ 1/2-1/2

[Event "FIDE Womens Candidates 2024"]
[Site "Toronto"]
[Date "2024.04.11"]
[Round "7.3"]
[White "Muzychuk, Anna"]
[Black "Koneru, Humpy"]
[Result "1/2-1/2"]
[ECO "C70"]
[WhiteElo "2520"]
[BlackElo "2546"]
[Annotator "TA"]
[PlyCount "80"]
[EventDate "2024.04.02"]
[EventType "tourn"]
[EventCountry "CAN"]
[SourceTitle "playchess.com"]
[Source "ChessBase"]
[SourceQuality "1"]
[TimeControl "40/5400+30:1800+30"]

1. e4 e5 2. Nf3 Nc6 3. Bb5 a6 4. Ba4 Nge7 5. c3 Ng6 6. d4 exd4 7. cxd4 Bb4+ 8. Bd2 {[%emt 0:00:34] White is slightly better.} Bxd2+ 9. Nbxd2 O-O 10. O-O d5 11. Bxc6 bxc6 12. e5 f6 13. Re1 fxe5 14. Nxe5 Qf6 15. Ndf3 {[%emt 0:16:19] Active counter play!} (15. Qf3 $16) 15... Nxe5 $14 16. dxe5 Qg6 17. Re3 Bg4 $1 {[%emt 0:07:35] [#]} 18. h3 $1 d4 (18... Bxh3 19. Nh4 Qg5 20. Rxh3 $18) 19. Rd3 (19. Qxd4 $2 Bxf3 20. Qc4+ Bd5 $19) 19... Bxf3 (19... Bxh3 $2 20. Nh4 (20. Nxd4 $2 Qxg2#) 20... Qe4 21. Rxh3 $18) 20. Rxf3 Rxf3 21. Qxf3 $11 {[%emt 0:00:02][%mdl 4096] Endgame. KQR-KQR. The position is equal.} Qc2 {[%emt 0:00:35] Dodges Rc1} 22. Rd1 Rd8 23. e6 Rf8 {[%emt 0:03:31] Repels Qf7+} 24. Qb3 Qxf2+ 25. Kh1 {[%emt 0:00:06] [#] e7+ would now be deadly.} Re8 26. Qc4 {[%emt 0:03:24][%csl LRa6,LRc6,LRd4] And now Rf1 would win.} Qe3 27. Qxc6 Qxe6 ({Much weaker is} 27... Rxe6 $6 28. Qxc7 Re8 29. Qc4+ Qe6 30. Qxe6+ (30. Qxd4 Qxa2 31. Kg1 h6 $11) (30. Rxd4 Qxc4 31. Rxc4 Re2 $16) 30... Rxe6 31. Rxd4 $16) 28. Qxe6+ Rxe6 29. Rxd4 {[%emt 0:00:04] KR-KR} Re2 30. Ra4 Rxb2 31. Rxa6 c5 32. Rc6 Rxa2 33. Rxc5 h6 34. Kh2 Ra3 35. Rb5 Kf7 36. Rb7+ Kf6 37. Rb6+ Kf7 38. Rb7+ Kf6 39. Rb6+ Kf7 40. Rb7+ Kf6 {[%emt 0:00:00] Weighted Error Value: White=0.08 (flawless) /Black=0.03 (flawless) .  Mistake:       	White=1     	---        Inaccurate:     	White=2     	Black=2      OK:         	White=14    	Black=16     Best:        	White=3     	Black=1      Strong:       	---       	Black=1} 1/2-1/2

[Event "FIDE Womens Candidates 2024"]
[Site "Toronto"]
[Date "2024.04.14"]
[Round "9.4"]
[White "Muzychuk, Anna"]
[Black "Goryachkina, Aleksandra"]
[Result "1/2-1/2"]
[ECO "C67"]
[WhiteElo "2520"]
[BlackElo "2553"]
[Annotator "TA"]
[PlyCount "89"]
[EventDate "2024.04.02"]
[EventType "tourn"]
[EventCountry "CAN"]
[SourceTitle "playchess.com"]
[Source "ChessBase"]
[SourceQuality "1"]
[TimeControl "40/5400+30:1800+30"]

1. e4 e5 2. Nf3 Nc6 3. Bb5 Nf6 4. O-O Nxe4 5. Re1 Nd6 6. Nxe5 Be7 7. Bf1 Nxe5 8. Rxe5 O-O 9. d4 Bf6 10. Re1 Re8 11. Nc3 Rxe1 12. Qxe1 Bxd4 13. Bf4 Ne8 $1 14. Nd5 d6 15. Bg5 f6 16. Be3 Be5 17. f4 Bxb2 18. Rb1 Ba3 19. Qa5 Be6 20. Bc4 $1 c6 21. Qxd8 Rxd8 22. Nxf6+ Kf7 $1 23. Bxe6+ Kxf6 ({Inferior is} 23... Kxe6 24. Nxe8 Rxe8 25. Rb3 $18) 24. Bg8 Bc5 25. Bxc5 dxc5 26. Bxh7 $11 {[%emt 0:00:08][%mdl 4096] Endgame. KRB-KRN} (26. Rxb7 $2 {loses.} Nd6 27. Rc7 Rxg8 $19) 26... Nd6 27. g4 g6 28. Re1 $1 Nf7 {[%emt 0:12:37] Threatening ...Rd4.} 29. g5+ Kg7 {[%emt 0:01:44][%cal Od8d4] [#] aiming for ...Rd4!} 30. Re7 $1 {[%emt 0:04:21][%cal Of4f5] Strongly threatening f5!} Rf8 (30... Rh8 $5 31. Bxg6 Kxg6 32. f5+ Kxg5 33. Rxf7 c4 $17) 31. Rxb7 (31. Bxg6 $1 $11 Kxg6 32. Kg2) 31... Kxh7 (31... a5 $5 32. Rc7 Kxh7 33. Rxc6 Nd8 34. Rxc5 Rxf4 35. Rxa5 Nc6 $17) 32. Rxa7 {[%emt 0:00:24] KRN-KR} Kg8 33. Rc7 Ra8 {[%emt 0:06:28] ...Nd8 would now be deadly.} (33... Nh8 $5 34. Rxc6 Rxf4 35. Rxc5 Nf7 $19) 34. Rxc6 Kg7 35. Rxc5 Nd6 36. Rc7+ Kf8 37. Kf2 Rxa2 38. Kf3 Ra3+ 39. c3 Nb5 40. Rc8+ {[%emt 0:00:00] The position is equal.} Kf7 41. Kg4 Rxc3 42. Rxc3 Nxc3 43. f5 Nd5 {[%emt 0:00:14] [#] And now ...Ne3+ would win.} 44. fxg6+ Kxg6 45. h4 {[%emt 0:00:07] Weighted Error Value: White=0.06 (flawless) /Black=0.05 (flawless) .  Mistake:       	White=1     	---        Inaccurate:     	White=2     	Black=3      OK:         	White=20    	Black=15     Best:        	White=1     	Black=4      Strong:       	White=3     	Black=2} 1/2-1/2

[Event "FIDE Womens Candidates 2024"]
[Site "Toronto"]
[Date "2024.04.18"]
[Round "12.3"]
[White "Muzychuk, Anna"]
[Black "Vaishali, Rameshbabu"]
[Result "0-1"]
[ECO "C84"]
[WhiteElo "2520"]
[BlackElo "2475"]
[Annotator "TA"]
[PlyCount "114"]
[EventDate "2024.04.02"]
[EventType "tourn"]
[EventCountry "CAN"]
[SourceTitle "playchess.com"]
[Source "ChessBase"]
[SourceQuality "1"]
[TimeControl "40/5400+30:1800+30"]

1. e4 e5 2. Nf3 Nc6 3. Bb5 a6 4. Ba4 Nf6 5. O-O Nxe4 6. d4 Be7 7. Re1 b5 8. Rxe4 {[%emt 0:00:18] C84: Closed Ruy Lopez: Unusual White 6th moves.} d5 9. Nxe5 Nxe5 10. Rxe5 bxa4 11. Qe2 Be6 12. f4 Kf8 13. Nc3 Bd6 14. Nxa4 Bxe5 15. fxe5 Qh4 16. Be3 Qg4 17. Qd2 h5 18. h3 $146 ({Predecessor:} 18. Nc3 h4 19. h3 Qg6 20. Rf1 Rh5 21. Ne2 Rf5 22. Nf4 Qh7 23. Re1 Kg8 24. Qa5 {0-1 Brkic,A (2606)-Pavlidis,A (2566) Bundesliga 2324 2023 (7.5)}) 18... Qg6 19. h4 Kg8 20. Rf1 Bf5 21. c3 Kh7 22. Nc5 Rhf8 23. Bf4 f6 24. e6 Rfe8 25. Re1 Re7 26. c4 dxc4 27. d5 Bd3 (27... Rd8 $15 28. Nb7 Rc8) 28. d6 cxd6 29. Bxd6 Ree8 30. e7 Qg4 31. Qf2 (31. Ne6 $15) 31... Bf5 $17 32. Rf1 Bg6 33. Re1 Rac8 34. Ne6 Rc6 35. Qf4 (35. Qd2 $17) 35... Kg8 36. Nc7 Rxe7 37. Rxe7 Qd1+ 38. Kh2 Qxd6 39. Qxd6 Rxd6 40. Ne8 Kf8 $1 ({But not} 40... Bxe8 41. Rxe8+ Kf7 42. Rc8 $17) 41. Nxd6 Kxe7 42. Nxc4 {[%emt 0:00:07] [#]} Bf7 $1 43. Ne3 Bxa2 44. Kg3 $2 (44. Nf5+ {was the only defense.} Kf8 45. Kg3) 44... Kd6 $19 45. Kf4 {[%emt 0:01:31] [#]} Kc5 $1 46. g4 hxg4 47. Nxg4 (47. Kxg4 $142 Kb4 48. h5) 47... a5 (47... Kb4 $142 {...Kb3 would now be deadly.} 48. h5 Kb3) 48. Ne3 (48. Ke3 $142 Kc4 49. Kd2) 48... a4 $19 49. h5 Kb4 50. Nf5 Kb3 51. Nxg7 Kxb2 52. h6 Bg8 53. Ne8 a3 54. Nxf6 a2 55. Nxg8 a1=Q ({Weaker is} 55... a1=B 56. Kf5 Kc3 57. Nf6 Kd3 58. h7 Ke2 59. h8=Q (59. h8=R Kd3 $18) 59... Kd3 60. Qd8+ Bd4 61. Qd5) 56. h7 Kb3 57. Kf5 Qb1+ 0-1

[Event "FIDE Womens Candidates 2024"]
[Site "Toronto"]
[Date "2024.04.21"]
[Round "14.1"]
[White "Muzychuk, Anna"]
[Black "Tan, Zhongyi"]
[Result "1/2-1/2"]
[ECO "B28"]
[WhiteElo "2520"]
[BlackElo "2521"]
[Annotator "TA"]
[PlyCount "72"]
[EventDate "2024.04.02"]
[EventType "tourn"]
[EventCountry "CAN"]
[SourceTitle "playchess.com"]
[Source "ChessBase"]
[SourceQuality "1"]
[TimeControl "40/5400+30:1800+30"]

1. e4 c5 2. Nf3 a6 3. c4 Nc6 4. d4 cxd4 5. Nxd4 e5 6. Nf5 d5 7. cxd5 Bxf5 8. exf5 Nd4 9. Nc3 Nf6 10. Bd3 Be7 11. O-O {[%emt 0:05:32] Re1 would now be deadly.} O-O $1 12. Bg5 {[%emt 0:09:04] White has an edge.} Nxd5 13. Nxd5 Bxg5 14. Be4 g6 15. f4 Bf6 16. Qd3 $2 (16. Qg4 $14 Nxf5 17. Nxf6+ Qxf6 18. Bxf5 Qxf5 19. Qxf5 gxf5 20. fxe5) 16... gxf5 $1 $17 17. Nxf6+ Qxf6 18. Bxb7 e4 $1 19. Qc4 (19. Qg3+ Kh8 20. Kh1 Rab8) 19... Rad8 {[%emt 0:03:06] And now ...Rd7 would win.} 20. Rad1 e3 21. Rfe1 (21. Bf3 $17) 21... e2 $19 22. Rd3 {[%emt 0:06:37][%cal Ob7d5] [#]} Qb6 $1 23. Kh1 Qxb7 (23... Qxb2 24. h3 $15 (24. Bxa6 Rfe8 $17) (24. Bd5 $2 Rxd5 25. Qxd5 Qb4 $19)) 24. Rxd4 Qxb2 25. Rd3 {[%emt 0:01:38] [#]} (25. Rxd8 $2 Rxd8 26. h3 Rd1 $19) 25... Rxd3 (25... Rfe8 $1 $19 {[%cal Ob2a1] ( -> ...Qa1!)} 26. g3 Qb7+ 27. Kg1 Qb6+ 28. Kg2 Rc8) 26. Qxd3 {[%emt 0:00:01][%mdl 4096] Endgame. KQR-KQR} Re8 {[%emt 0:05:11] ...Qb4 is the strong threat.} (26... Qxa2 $6 27. Qxf5 Re8 28. Qg5+ Kf8 29. Qc5+ Re7 30. Qc8+ Kg7 31. Qg4+ Kf6 32. Qh4+ Ke6 33. Qh3+ f5 34. Qd3 $11) 27. Qxf5 Qc3 ({Worse is} 27... Qxa2 28. Qg5+ Kf8 29. Qc5+ Re7 30. Qc8+ Kg7 31. Qg4+ Kf6 32. Qh4+ Ke6 33. f5+ Kd7 34. Qd4+ Kc8 35. Qh8+ Kb7 36. Qd4 $11) (27... Qb4 $17 28. Qg5+ (28. Rxe2 $2 {gets mated.} Qe1+ 29. Rxe1 Rxe1#) 28... Kf8 29. Qh6+ Ke7 (29... Kg8 30. Qh4 $17) 30. Qh4+ (30. Rxe2+ $2 Kd7 $19) 30... Kd7) 28. Qg5+ $1 $15 Kh8 29. Qh4 Re4 30. h3 $1 Qd2 31. Qf6+ {[%emt 0:04:02] The position is equal.} (31. Kh2 {simplifies} Qxf4+ 32. Qxf4 Rxf4 33. Rxe2 Ra4 34. Kg3) 31... Kg8 32. Qg5+ Kf8 33. Qc5+ $1 Kg7 34. Qg5+ Kf8 35. Qc5+ $1 Kg7 36. Qg5+ Kf8 {[%emt 0:01:40] Black had all chances to win.   Weighted Error Value: White=0.15 (very precise) /Black=0.13 (very precise) .  Mistake:       	White=2     	Black=2      Inaccurate:     	---       	Black=1      OK:         	White=10    	Black=10     Best:        	White=5     	Black=3      Strong:       	White=4     	Black=4} (36... Kh8 $5 37. Qf6+ $8 Kg8 38. Qg5+ Kf8 $11) 1/2-1/2